 Dungeon Crawl Stone Soup version 0.28-a0-983-g1de4e0787c (webtiles) character file.

Game seed: 16638297751762395442

529 Redcow54321 the Ruffian (level 7, -3/66 HPs)
             Began as a Troll Fighter on Dec 2, 2021.
             Slain by Prince Ribbit (12 damage)
             ... on level 5 of the Dungeon.
             The game lasted 00:06:35 (3145 turns).

Redcow54321 the Ruffian (Troll Fighter)             Turns: 3145, Time: 00:06:36

Health: -3/66      AC:  4    Str: 27    XL:     7   Next: 3%
Magic:  6/6        EV: 10    Int:  4    God:
Gold:   262        SH:  0    Dex:  9    Spells: 6/6 levels left

rFire   + . .      SeeInvis .     - Unarmed
rCold   + . .      Faith    .   (no shield)
rNeg    . . .      Spirit   .   a - +0 robe
rPois   .          Reflect  .   (helmet restricted)
rElec   .          Harm     .   (no cloak)
rCorr   .          Rampage  .   (gloves unavailable)
Will    .....                   (boots unavailable)
Stlth   +.........              (no amulet)
HPRegen 1.01/turn               (no ring)
MPRegen 0.10/turn               (no ring)

@: lethally poisoned (-3 -> -3)
A: large, unfitting armour, claws 3, regeneration 1, shaggy fur 1, tough skin 1,
horns 1, cold resistance 1, fire resistance 1
a: no special abilities


You were on level 5 of the Dungeon.
You visited 1 branch of the dungeon, and saw 5 of its levels.

You collected 286 gold pieces.
You spent 24 gold pieces at shops.

Inventory:

Armour
 a - a +0 robe (worn)
 b - a +0 kite shield
Wands
 l - a wand of mindburst (7)
Scrolls
 e - a scroll of amnesia {unknown}
 f - a scroll of enchant weapon {unknown}
 g - a scroll of teleportation {unknown}
 i - 2 scrolls of immolation {unknown}
 n - a scroll of silence {unknown}
 o - a scroll of vulnerability {unknown}
 q - a scroll of identify
Potions
 c - a potion of curing
 d - a potion of haste {unknown}
 h - a potion of mutation
 j - a potion of magic
 k - a potion of invisibility {unknown}
 m - 3 potions of flight
 p - a potion of berserk rage {unknown}
 r - a potion of heal wounds {unknown}


   Skills:
 - Level 2.4 Fighting
 - Level 2.4 Dodging
 - Level 2.4 Shields
 * Level 7.7 Unarmed Combat


You had 6 spell levels left.
You didn't know any spells.
Your spell library was empty.

Dungeon Overview and Level Annotations

Branches:
Dungeon (5/15)
 Temple: D:4-7

Altars:
Hepliaklqana
Zin

Shops:
D:4 *

Annotations:
D:5 Prince Ribbit


Innate Abilities, Weirdness & Mutations

You are too large for most types of armour.
You have claws for hands.
Your natural rate of healing is unusually fast.
You are covered in fur. (AC +1)
You have tough skin. (AC +1)
You have a pair of small horns on your head.
Your flesh is cold resistant. (rC+)
Your flesh is heat resistant. (rF+)


Message History

Prince Ribbit blinks!
The gnoll closely misses you.
You claw the gnoll!
You kill the gnoll!
A scorpion comes into view.
The gnoll throws a throwing net.
The throwing net hits you.
You become entangled in the net!
Things that are here:
a throwing net; a +0 spear; 2 throwing nets You struggle against the net.
You are held in a net!
You are held in a net!
You are held in a net!
You struggle against the net.
Prince Ribbit blinks!
You shred the net and break free!
Prince Ribbit catches a mouse with his tongue.
The scorpion stings you. x2
You are poisoned.
The scorpion poisons you!
You barely miss the scorpion.
You headbutt the scorpion, but do no damage.
Your claw misses the scorpion.
You feel very sick. The scorpion barely misses you.
You feel very sick. The scorpion stings you.
You feel sick.
You feel sick.
You feel sick.
Prince Ribbit croaks regally.
Prince Ribbit hits you.
Okay, then.
You barely miss Prince Ribbit. Your headbutt misses Prince Ribbit.
You feel sick. Prince Ribbit hits you!
* * * LOW HITPOINT WARNING * * *
You scratch Prince Ribbit. Your headbutt misses Prince Ribbit.
Prince Ribbit is lightly wounded.
You feel sick. Prince Ribbit hits you!
* * * LOW HITPOINT WARNING * * *
You feel sick. Prince Ribbit hits you!
You die...

# ##...#
#.#.#.#..#.#
#.# .#
#.#.#.#.)#
....#.#..#
#####.#))# #
#.#..#....
#s.........
#g####..###
#F# !....
#@# #### #.#
###


You could see Prince Ribbit, a scorpion and a gnoll.

Vanquished Creatures
  A water moccasin (D:5)
  An ogre (D:4)
  2 hounds (D:5)
  3 iguanas
  An orc wizard (D:4)
  4 gnolls
  5 adders
  2 worms (D:3)
  3 dart slugs
  3 orcs
  8 ball pythons
  9 endoplasms
  7 giant cockroaches
  4 goblins
  9 hobgoblins
  6 jackals
  4 quokkas
  3 bats (D:1)
  2 frilled lizards
  8 kobolds
  8 rats
93 creatures vanquished.

Notes
Turn   | Place    | Note
-------+----------+-------------------------------------------
     0 | D:1      | Redcow54321 the Troll Fighter began the quest for the Orb.
     0 | D:1      | Reached XP level 1. HP: 22/22 MP: 0/0
    11 | D:1      | Noticed a wyvern
    11 | D:1      | Noticed a hound
    11 | D:1      | Noticed a redback
    12 | D:1      | Noticed a salamander
   204 | D:1      | Reached XP level 2. HP: 29/29 MP: 1/1
   317 | D:1      | Reached skill level 3 in Unarmed Combat
   833 | D:2      | Reached XP level 3. HP: 23/36 MP: 2/2
   892 | D:2      | Reached skill level 4 in Unarmed Combat
  1171 | D:2      | Noticed a great orb of eyes
  1173 | D:2      | Found a faded altar of an unknown god.
  1175 | D:2      | Noticed a great orb of eyes
  1175 | D:2      | Noticed an eye of devastation
  1175 | D:2      | Noticed a floating eye
  1237 | D:2      | Reached XP level 4. HP: 44/44 MP: 3/3
  1627 | D:3      | Found a glowing silver altar of Zin.
  1633 | D:3      | Found a hazy altar of Hepliaklqana.
  2211 | D:4      | Reached skill level 5 in Unarmed Combat
  2278 | D:4      | Found Caorchu's General Store.
  2286 | D:4      | Bought a scroll of identify for 24 gold pieces
  2309 | D:4      | Noticed an ogre
  2313 | D:4      | Killed an ogre
  2314 | D:4      | Reached XP level 5. HP: 50/50 MP: 4/4
  2456 | D:4      | Reached skill level 6 in Unarmed Combat
  2744 | D:4      | Reached XP level 6. HP: 45/59 MP: 5/5
  2908 | D:4      | Gained mutation: Your flesh is cold resistant. (rC+)
                  | [potion of mutation]
  2908 | D:4      | Gained mutation: Your flesh is heat resistant. (rF+)
                  | [potion of mutation]
  2908 | D:4      | Gained mutation: You have a pair of small horns on your
                  | head. [potion of mutation]
  2910 | D:5      | Entered Level 5 of the Dungeon
  3013 | D:5      | Noticed a water moccasin
  3025 | D:5      | Killed a water moccasin
  3026 | D:5      | Reached skill level 7 in Unarmed Combat
  3131 | D:5      | Reached XP level 7. HP: 41/66 MP: 6/6
  3131 | D:5      | Noticed Prince Ribbit
  3145 | D:5      | Slain by Prince Ribbit

Illustrated notes

Levels and vault maps discovered:
D:1:      onia_arrival_zoo_common, layout_basic, nrook_mini_backslash
D:2:      layout_basic, hellmonk_ecumenical_altar_watching_god, minmay_tall_x
D:3:      layout_basic, jmf_multi_god_temple, minmay_misc_feat_more_columns,
          grunt_ministairs_2
D:4:      layout_layer_cave, serial_shops,
          nicolae_shop_competitors_out_of_business, st_stairs_3
D:5:      corexii_shantytown, layout_basic, grunt_tough_drop,
          uniq_prince_ribbit1

Skill      XL: |  1  2  3  4  5  6 |
---------------+-------------------+-----
Unarmed Combat | 3 4 5 6 7 |  7.7
Fighting       | |  2.4
Dodging        | |  2.4
Shields        | |  2.4

Action                   |  1- 3 |  4- 6 |  7- 9 || total
-------------------------+-------+-------+-------++-------
Melee: Unarmed           |    73 |   125 |     6 ||   204
       Punch             |       |     4 |       ||     4
       Headbutt          |       |     7 |     2 ||     9
  Use: Potion            |       |     3 |       ||     3
       Scroll            |       |     4 |       ||     4
Armor: Robe              |    19 |    28 |       ||    47
Dodge: Dodged            |    34 |    50 |     3 ||    87

Table legend: (Time is in decaauts)
 A = Elapsed time spent in this place.
 B = Non-inter-level travel time spent in this place.
 C = Inter-level travel time spent in this place.
 D = Time resting spent in this place.
 E = Time spent auto-exploring this place.
 F = Levels seen in this place.
 G = Mean time per level.
                   A        B        C        D        E       F      G
               +--------+--------+--------+--------+--------+-----+--------+
         Total |   3126 |   2968 |    158 |      0 |   2430 |   5 |  625.2 |
       Dungeon |   3126 |   2968 |    158 |      0 |   2430 |   5 |  625.2 |
               +--------+--------+--------+--------+--------+-----+--------+

Top non-repeatable levels by time:
     D:3: 751 daAuts
     D:1: 749 daAuts
     D:4: 708 daAuts
     D:2: 685 daAuts
     D:5: 230 daAuts
